AoeStats
← K

Arena

510136536Analyzed
4v4 RM · 3d ago on Sep 29, 2026· 60m 38s· 8 players
Game mode
Random Map
Map size
Large (8 player)
Population
200
Speed
Normal
Resources
Standard
Victory
Conquest
Starting age
Dark Age
Ending age
Imperial Age
RankedLock teamsTeams togetherTeam positionsShared explorationLock speedFull tech treeHidden civsTurbo modeCheats
Victory
Defeat
🇨🇳 Poles · China
1128
+13
🇲🇽 Byzantines · Mexico
1093
+14
🇨🇳 Jurchens · China
1067
+16
🇬🇧 Khmer · United Kingdom
1058
+16
🇲🇦 Khmer · Morocco
1085
-15
🇷🇺 Chinese · Russia
1064
-15
🇩🇪 Varangians · Germany
1058
-15
🇹🇷 Mongols · Türkiye
1031
-14
noloomregret
11:30 Feudal Age
14:59 Castle Age
13:01 Double-Bit Axe
16:42 Bow Saw
21:06 Wheelbarrow
22:00 Gold Mining
23:29 Gold Shaft Mining
27:16 Imperial Age
25:54 Hand Cart
25:25 Loom
25:26 Town Watch
26:36 Caravan
26:39 Stone Mining
27:14 Scale Barding Armor
27:21 Forging
27:56 Stone Shaft Mining
27:52 Horse Collar
29:06 Chain Barding Armor
29:22 Iron Casting
28:48 Scale Mail Armor
29:11 Ballistics
29:05 Husbandry
29:16 Bloodlines
30:21 Heavy Plow
31:10 Plate Barding Armor
30:26 Fletching
31:40 Chemistry
30:32 Pikeman
31:43 Fortified Wall
31:41 Siege Engineers
32:37 Chemistry
31:22 Halberdier
33:25 Murder Holes
34:46 Conscription
35:15 Double Crossbow
35:55 Chain Mail Armor
35:58 Elite Ballista Elephant
38:11 Crop Rotation
39:50 Town Patrol
41:05 Blast Furnace
40:01 Bodkin Arrow
40:20 Masonry
43:59 Light Cavalry
theDude
11:04 Feudal Age
15:00 Castle Age
13:03 Double-Bit Axe
14:05 Horse Collar
16:48 Town Watch
20:59 Loom
22:19 Wheelbarrow
22:41 Bow Saw
24:59 Heavy Plow
30:22 Imperial Age
27:50 Gold Mining
28:46 Pikeman
30:16 Squires
30:36 Stone Mining
31:25 Forging
31:16 Scale Mail Armor
31:06 Fletching
30:46 Halberdier
31:53 Conscription
33:11 Elite Jarl
37:16 Crop Rotation
37:48 Two-Man Saw
37:08 Chain Mail Armor
38:50 Plate Mail Armor
38:56 Iron Casting
38:12 Gambesons
38:17 Arson
*
0:29 Loom
10:59 Feudal Age
12:21 Horse Collar
12:27 Double-Bit Axe
12:36 Gold Mining
18:40 Castle Age
18:15 Wheelbarrow
20:19 Heavy Plow
20:30 Bow Saw
20:59 Gold Shaft Mining
22:18 Hand Cart
30:12 Imperial Age
28:49 Scale Mail Armor
28:59 Forging
28:41 Town Watch
30:05 Arson
30:21 Squires
30:41 Chain Mail Armor
31:01 Iron Casting
30:49 Pikeman
30:53 Elite Fire Lancer
31:40 Halberdier
32:49 Fortified Wall
33:13 Conscription
32:59 Great Wall
34:24 Plate Mail Armor
38:36 Blast Furnace
37:26 Fletching
38:03 Ballistics
38:43 Chemistry
39:07 Padded Archer Armor
40:37 Capped Ram
41:21 Murder Holes
41:38 Masonry
42:44 Two-Man Saw
42:53 Elite Skirmisher
43:39 Thumb Ring
43:57 Heavy Rocket Cart
45:44 Bombard Tower
45:09 Arrowslits
46:49 Guard Tower
47:30 Architecture
47:52 Bodkin Arrow
49:02 Keep
Jack Sparrow
1:09 Loom
2:11 Loom
13:33 Feudal Age
18:12 Castle Age
17:08 Fletching
17:18 Padded Archer Armor
17:37 Town Watch
18:35 Wheelbarrow
17:45 Town Watch
26:13 Imperial Age
23:42 Horse Collar
23:49 Double-Bit Axe
26:41 Ballistics
27:52 Bow Saw
29:06 Bodkin Arrow
29:26 Leather Archer Armor
29:27 Pikeman
30:08 Squires
30:49 Heavy Plow
32:55 Squires
35:32 Squires
35:34 Scale Mail Armor
35:45 Forging
37:46 Iron Casting
37:26 Chain Mail Armor
37:14 Bracer
38:33 Fortified Wall
38:03 Crossbowman
38:48 Thumb Ring
39:04 Arbalester
40:56 Chemistry
RaulelPiadoso
10:03 Feudal Age
12:34 Loom
12:58 Double-Bit Axe
17:38 Castle Age
20:21 Horse Collar
20:58 Bow Saw
21:56 Heavy Plow
24:09 Stone Mining
31:22 Imperial Age
28:54 Fletching
30:00 Wheelbarrow
29:36 Bodkin Arrow
30:44 Forging
30:44 Gambesons
30:59 Squires
31:02 Scale Mail Armor
31:23 Hand Cart
31:08 Gold Mining
31:59 Ballistics
31:50 Fortified Wall
32:46 Iron Casting
33:05 Gold Shaft Mining
32:34 Bracer
32:40 Scale Barding Armor
33:42 Chemistry
36:54 Padded Archer Armor
38:27 Leather Archer Armor
39:44 Two-Man Saw
38:47 Elite Skirmisher
47:13 Conscription
47:45 Stone Shaft Mining
49:33 Elite Cataphract
50:26 Logistica
57:25 Spies/Treason
60:05 Husbandry
60:33 Chain Barding Armor
YuangXue
10:36 Feudal Age
14:44 Castle Age
12:32 Horse Collar
12:44 Double-Bit Axe
17:21 Bow Saw
18:30 Wheelbarrow
18:34 Wheelbarrow
21:45 Heavy Plow
22:30 Gold Mining
24:04 Gold Shaft Mining
23:52 Stone Mining
25:06 Scale Barding Armor
30:00 Imperial Age
27:44 Forging
28:47 Chain Barding Armor
30:39 Stone Shaft Mining
31:11 Iron Casting
33:23 Elite Iron Pagoda
34:24 Conscription
34:16 Fletching
35:01 Plate Barding Armor
35:26 Blast Furnace
36:15 Bloodlines
36:05 Husbandry
36:22 Bodkin Arrow
37:20 Guard Tower
38:27 Bracer
38:41 Treadmill Crane
41:04 Keep
41:29 Chemistry
40:41 Masonry
40:16 Arrowslits
42:17 Heavy Rocket Cart
44:23 Two-Man Saw
44:54 Thunderclap Bombs
50:49 Fortified Bastions
SAOWEN
12:43 Feudal Age
13:49 Double-Bit Axe
16:34 Castle Age
14:45 Double-Bit Axe
14:57 Horse Collar
19:21 Heavy Plow
20:18 Bow Saw
22:48 Wheelbarrow
22:11 Gold Mining
24:07 Szlachta Privileges
25:12 Hand Cart
25:07 Scale Barding Armor
25:48 Loom
26:48 Chain Barding Armor
26:39 Forging
27:11 Bloodlines
27:01 Husbandry
27:46 Bloodlines
27:39 Husbandry
30:45 Imperial Age
29:28 Stone Mining
30:40 Iron Casting
31:00 Cavalier
32:50 Blast Furnace
34:56 Chemistry
34:02 Siege Engineers
33:49 Light Cavalry
35:56 Conscription
35:57 Lechitic Legacy
36:13 Hoardings
35:54 Winged Hussar
37:43 Scale Mail Armor
38:19 Crop Rotation
37:53 Squires
37:39 Arson
38:24 Elite Obuch
39:53 Chain Mail Armor
41:49 Ballistics
41:26 Murder Holes
41:42 Masonry
42:07 Plate Mail Armor
43:09 Stone Shaft Mining
57:35 Spies/Treason
K
10:46 Feudal Age
15:01 Castle Age
13:38 Double-Bit Axe
13:42 Horse Collar
14:31 Stone Mining
20:32 Loom
22:26 Bow Saw
22:30 Heavy Plow
23:54 Gold Mining
24:41 Stone Shaft Mining
28:09 Imperial Age
26:14 Wheelbarrow
25:27 Town Watch
26:41 Gold Shaft Mining
27:53 Ballistics
28:07 Hand Cart
28:18 Forging
28:13 Scale Barding Armor
28:38 Elite Ballista Elephant
29:41 Conscription
28:47 Pikeman
29:12 Arson
30:34 Chemistry
30:19 Crop Rotation
31:38 Double Crossbow
31:39 Tusk Swords
31:47 Husbandry
31:58 Bloodlines
32:12 Chain Barding Armor
33:08 Hoardings
33:38 Plate Barding Armor
33:04 Halberdier
35:24 Siege Engineers
35:41 Siege Engineers
37:45 Forging
37:36 Scale Mail Armor
42:40 Elite Battle Elephant
47:52 Cavalier
47:53 Light Cavalry
48:30 Murder Holes
48:46 Masonry
48:05 Man-at-Arms
49:23 Iron Casting
49:04 Chain Mail Armor
48:40 Fletching
49:01 Devotion
49:13 Fervor
57:18 Spies/Treason
59:11 Elite Skirmisher
59:11 Crossbowman
59:12 Heavy Cavalry Archer
60:17 Parthian Tactics
59:17 Long Swordsman
59:19 Hussar
60:33 Architecture
60:14 Fortified Wall
61:09 Blast Furnace
60:04 Bodkin Arrow
60:10 Padded Archer Armor
60:14 Town Patrol
60:43 Sanctity
60:43 Faith
60:34 Redemption
59:56 Sappers
60:02 Arbalester
Connection lost

Rejoining the realm…

Still unreachable

The connection could not be restored.

Session expired

The server has moved on; the page needs a fresh start.